 Dungeon Crawl Stone Soup version 0.21.0-25-ge575cb9ce8 (webtiles) character file.

1092 Sheer the Cruncher (level 8, -1/58 HPs)
             Began as a Demonspawn Gladiator on Jan 25, 2018.
             Was an Initiate of Wu Jian.
             Slain by a troll (8 damage)
             ... on level 6 of the Dungeon.
             The game lasted 00:07:22 (5228 turns).

Sheer the Cruncher (Demonspawn Gladiator)           Turns: 5228, Time: 00:07:22

Health: -1/58      AC: 13    Str: 14    XL:     8   Next: 9%
Magic:  0/8        EV:  5    Int: 11    God:    Wu Jian [......]
Gold:   261        SH:  0    Dex: 16    Spells: 7/7 levels left

rFire    + . .     SeeInvis .   d - +4 quarterstaff (chaos)
rCold    . . .     Gourm    .   (shield currently unavailable)
rNeg     . . .     Faith    .   y - +0 plate armour (curse)
rPois    .         Spirit   +   (helmet restricted)
rElec    .         Reflect  .   t - scarf {Spirit}
rCorr    .         Harm     .   (no gloves)
MR       .....                  (no boots)
Stlth    ..........             (no amulet)
HPRegen  0.19/turn              A - ring of protection from fire
MPRegen  0.11/turn              w - +2 ring of protection

@: lethally poisoned (-1 -> -5)
A: claws 1, horns 2, rot immunity
a: Renounce Religion


You were on level 6 of the Dungeon.
You worshipped Wu Jian.
Wu Jian was noncommittal.
You were not hungry.

You visited 1 branch of the dungeon, and saw 6 of its levels.

You collected 261 gold pieces.

Inventory:

Hand Weapons
 a - a +0 quarterstaff
 d - a +4 quarterstaff of chaos (weapon)
Missiles
 m - 2 throwing nets (quivered)
 r - 4 poisoned tomahawks
Armour
 b - a +0 leather armour
 c - a +0 helmet
 e - a +0 cloak
 s - a +0 ring mail
 t - a scarf of spirit shield (worn)
 y - a cursed +0 plate armour (worn)
 B - a +0 buckler
Jewellery
 n - an uncursed ring of ice
 w - a +2 ring of protection (right claw)
 A - a ring of protection from fire (left claw)
Scrolls
 h - 2 scrolls of remove curse
 k - 4 scrolls of teleportation
 q - 3 scrolls of fog
 u - 2 scrolls of blinking
 v - 2 scrolls of immolation {unknown}
 x - a scroll of random uselessness {unknown}
Potions
 g - 2 potions of curing
 i - a potion of flight {unknown}
 l - 3 potions of brilliance
 o - a potion of invisibility {unknown}
 p - 2 potions of agility
 z - a potion of heal wounds {unknown}
Comestibles
 f - 8 rations
 j - 3 chunks of flesh


   Skills:
 + Level 3.2 Fighting
 + Level 8.1 Staves
 - Level 1.7 Throwing
 + Level 2.9 Armour
 + Level 2.9 Dodging


You had 7 spell levels left.
You didn't know any spells.

Dungeon Overview and Level Annotations

Branches:
Dungeon (6/15)
 Temple: D:4-7

Altars:
Ashenzari
Fedhas
Kikubaaqudgha
Makhleb
Qazlal
Trog
Vehumet
Wu Jian

Shops:
D:6 *


Innate Abilities, Weirdness & Mutations

You have sharp fingernails.
You have a pair of horns on your head.
You are immune to rotting.


Message History

An ogre comes into view. It is wielding a giant club.
The ogre shouts!
You hit the troll.
You smell decay.
The troll is moderately wounded.
You feel sick. The troll bites you! The troll claws you!
* * * LOW HITPOINT WARNING * * *
The troll claws you but does no damage.
You hit the troll.
The air around the troll crackles with energy!
The troll is moderately wounded.
Your plate armour prevents you from hitting the troll.
You headbutt the troll.
The troll is heavily wounded.
You feel sick. The troll bites you but does no damage. The troll claws you!
* * * LOW HITPOINT WARNING * * *
The troll claws you but does no damage.
You hit the troll. You burn the troll.
The troll is severely wounded.
The troll bites you but does no damage. The troll claws you!
You die...

#.......# #.......#
###....(..## ###.#
....O..... ....
#...(...###...
#.#.......##... .
.......T..##..# ...
....#..@.# #.?# .#.#
.........###..##....
....##...).......#.#
...###.#.###........
#........# #...#.#.#
#....### #...# ..
#.≈≈≈## #...# .
#≈≈≈≈≈####...#
#≈≈∩≈≈#......#


You could see a troll and an ogre.

Vanquished Creatures
  Menkaure (D:4)
  A water moccasin (D:6)
  2 phantoms (D:5)
  2 ogres
  A scorpion (D:3)
  A crimson imp (D:5)
  Crazy Yiuf (D:5)
  A centaur skeleton (D:4)
  A bullfrog skeleton (D:5)
  2 orc priests
  3 orc wizards (D:5)
  4 adders
  3 gnolls (D:4)
  2 oozes
  3 adder skeletons (D:2)
  2 worms
  3 dart slugs
  A leopard gecko (D:1)
  17 orcs
  A ball python (D:1)
  3 bat skeletons (D:2)
  5 giant cockroaches
  10 goblins
  5 hobgoblins
  6 jackals (D:2)
  2 quokkas
  10 bats
  3 frilled lizards
  A jackal zombie (D:2)
  6 kobolds
  A leopard gecko skeleton (D:4)
  7 rats
111 creatures vanquished.

Vanquished Creatures (others)
  A wizard (D:4)
  A rat (D:2)
2 creatures vanquished.

Grand Total: 113 creatures vanquished

Notes
Turn   | Place    | Note
-------+----------+-------------------------------------------
     0 | D:1      | Sheer the Demonspawn Gladiator began the quest for the Orb.
     0 | D:1      | Reached XP level 1. HP: 16/16 MP: 1/1
     8 | D:1      | Noticed a six-headed hydra
     8 | D:1      | Noticed a wolf
     8 | D:1      | Noticed an iguana
     8 | D:1      | Noticed a lindwurm
     8 | D:1      | Noticed a worker ant
    37 | D:1      | Reached skill level 3 in Staves
    63 | D:1      | Gained mutation: You have a pair of small horns on your head. [demonic ancestry]
    63 | D:1      | Reached XP level 2. HP: 16/22 MP: 2/2
   737 | D:2      | Reached XP level 3. HP: 18/27 MP: 3/3
   805 | D:2      | Reached skill level 4 in Staves
  1042 | D:2      | Found an ancient bone altar of Kikubaaqudgha.
  1171 | D:2      | Found a stormy altar of Qazlal.
  1375 | D:2      | Gained mutation: You are immune to rotting. [demonic ancestry]
  1375 | D:2      | Reached XP level 4. HP: 13/33 MP: 4/4
  1782 | D:2      | Found a blossoming altar of Fedhas.
  1788 | D:2      | Found a shattered altar of Ashenzari.
  2185 | D:3      | Reached skill level 5 in Staves
  2185 | D:3      | Reached XP level 5. HP: 23/38 MP: 5/5
  2540 | D:3      | Found a faded altar of an unknown god.
  3256 | D:4      | Noticed an ogre
  3264 | D:4      | Killed an ogre
  3264 | D:4      | Reached skill level 6 in Staves
  3264 | D:4      | Gained mutation: You have sharp fingernails. [demonic ancestry]
  3264 | D:4      | Reached XP level 6. HP: 44/44 MP: 6/6
  3471 | D:4      | Found a bloodstained altar of Trog.
  3472 | D:4      | Noticed a wizard
  3477 | D:4      | Killed a wizard
  3499 | D:4      | Noticed Menkaure
  3504 | D:4      | Killed Menkaure
  3504 | D:4      | Reached skill level 1 in Armour
  3510 | D:4      | Reached skill level 7 in Staves
  4052 | D:5      | Entered Level 5 of the Dungeon
  4065 | D:5      | Gained mutation: You have a pair of horns on your head. [demonic ancestry]
  4065 | D:5      | Reached XP level 7. HP: 44/51 MP: 5/7
  4599 | D:5      | Found an ornate altar of the Wu Jian Council.
  4632 | D:5      | Became a worshipper of the Wu Jian Council
  4710 | D:5      | Found a runed door.
  4731 | D:5      | Found a radiant altar of Vehumet.
  4732 | D:5      | Found a burning altar of Makhleb.
  5027 | D:5      | Noticed Crazy Yiuf
  5033 | D:5      | Killed Crazy Yiuf
  5184 | D:6      | Found Wuorch's Assorted Antiques.
  5214 | D:6      | Reached skill level 8 in Staves
  5219 | D:6      | Noticed a troll
  5223 | D:6      | Reached XP level 8. HP: 32/58 MP: 3/8
  5228 | D:6      | Slain by a troll

Skill      XL: |  1  2  3  4  5  6  7 |
---------------+----------------------+-----
Staves         | 3 4 5 6 7 8 |  8.1
Armour         | 1 2 |  2.9
Fighting       | 3 |  3.2
Throwing       | |  1.7
Dodging        | |  2.9

Action                   |  1- 3 |  4- 6 |  7- 9 || total
-------------------------+-------+-------+-------++-------
Melee: Quarterstaff      |   118 |   126 |   110 ||   354
       Headbutt          |    18 |    23 |    15 ||    56
Throw: Throwing net      |       |     1 |     2 ||     3
Invok: Lunge             |       |       |     4 ||     4
  Use: Potion            |     1 |       |       ||     1
       Scroll            |       |       |     8 ||     8
 Stab: Held in net/web   |       |     1 |       ||     1
  Eat: Chunk             |     1 |     8 |     3 ||    12
       Ration            |       |       |     1 ||     1
Armor: Leather armour    |    38 |    16 |       ||    54
       Ring mail         |       |    18 |       ||    18
       Plate armour      |       |     1 |   112 ||   113
Dodge: Dodged            |    92 |    59 |    30 ||   181
